AoeStats
← dashuaibi

MegaRandom

506611347Analyzed
4v4 RM · 18d ago on Sep 14, 2026· 30m 31s· 8 players
Game mode
Random Map
Map size
Large (8 player)
Population
200
Speed
Normal
Resources
Standard
Victory
Conquest
Starting age
Dark Age
Ending age
Imperial Age
RankedLock teamsTeams togetherTeam positionsShared explorationLock speedFull tech treeHidden civsTurbo modeCheats
Victory
Defeat
🇨🇳 Franks · China
1443
+14
🇫🇷 Maya · France
1432
+15
🇦🇺 Persians · Australia
1425
+15
🇬🇧 Japanese · United Kingdom
1425
+15
🇭🇷 Ethiopians · Croatia
1598
-23
🇨🇳 Portuguese · China
1347
-12
🇨🇳 Saracens · China
1332
-12
🇨🇳 Portuguese · China
1327
-12
xinyuan.zhao22
5:21 Loom
8:58 Feudal Age
9:28 Double-Bit Axe
22:32 Castle Age
20:48 Gold Mining
21:47 Forging
22:32 Scale Barding Armor
22:42 Light Cavalry
25:49 Chain Barding Armor
26:47 Husbandry
27:10 Bow Saw
31:29 Wheelbarrow
Cufufalating
0:28 Loom
10:27 Feudal Age
11:21 Double-Bit Axe
15:45 Fletching
16:48 Horse Collar
19:47 Wheelbarrow
23:56 Castle Age
23:04 Gold Mining
23:22 Padded Archer Armor
24:19 Bloodlines
25:02 Husbandry
25:00 Bodkin Arrow
25:38 Bow Saw
26:08 Heavy Plow
28:34 Ballistics
28:51 Thumb Ring
29:11 Town Watch
30:37 Leather Archer Armor
Daniel Chassagnez
0:26 Loom
9:44 Feudal Age
10:22 Double-Bit Axe
12:44 Fletching
15:59 Double-Bit Axe
18:04 Wheelbarrow
18:19 Wheelbarrow
21:22 Padded Archer Armor
24:32 Castle Age
25:35 Bodkin Arrow
25:41 Padded Archer Armor
25:03 Crossbowman
26:15 Horse Collar
27:51 Leather Archer Armor
28:13 Gold Mining
29:40 Heavy Plow
MaXimus
5:02 Loom
9:19 Feudal Age
11:51 Double-Bit Axe
16:41 Wheelbarrow
18:12 Scale Barding Armor
18:09 Horse Collar
22:21 Castle Age
21:10 Forging
21:32 Bloodlines
22:02 Gold Mining
23:09 Chain Barding Armor
23:11 Bow Saw
24:34 Husbandry
29:20 Iron Casting
Jimmy
6:52 Loom
9:07 Feudal Age
13:04 Fletching
18:45 Double-Bit Axe
20:23 Horse Collar
20:44 Padded Archer Armor
22:13 Gold Mining
26:33 Castle Age
26:37 Crossbowman
27:13 Bodkin Arrow
28:20 Ballistics
28:32 Thumb Ring
28:50 Leather Archer Armor
dashuaibi
6:50 Loom
10:04 Feudal Age
15:50 Scale Barding Armor
16:45 Forging
16:58 Town Watch
23:45 Castle Age
21:45 Double-Bit Axe
23:43 Bloodlines
26:13 Gold Mining
26:59 Bow Saw
muui
8:12 Loom
11:27 Feudal Age
11:44 Man-at-Arms
17:55 Town Watch
22:36 Horse Collar
2067
9:37 Loom
11:54 Feudal Age
17:02 Castle Age
15:07 Double-Bit Axe
15:50 Horse Collar
18:24 Bow Saw
23:23 Town Watch
25:19 Wheelbarrow
25:59 Heavy Plow
28:27 Fletching
Connection lost

Rejoining the realm…

Still unreachable

The connection could not be restored.

Session expired

The server has moved on; the page needs a fresh start.